Map: Acid Plant LE

Players

SpartanCinC

  • Race: Protoss Protoss
  • League: Platinum
  • Spawn Location: 5:00

A.I. 1 (Medium) - Winner!

  • Race: Zerg Zerg
  • Spawn Location: 11:00

VOD

Have the link to the VOD?

Description

Time

  • Played on: April 7, 2018, 3:49 a.m.
  • Length: 8:07
Show
View Real Time Build Order
Export as new Build Order

SpartanCinC Protoss 

Build Orders: 1 Gate Expand 

Get SALT Encoding   

  12  0:01  Probe  
  13  0:18  Pylon  
  13  0:20  Probe  
  14  0:32  Probe  
  15  0:37  Gateway  
  15  0:44  Probe (Chrono Boost)  
  16  0:56  Probe (Chrono Boost)  
  17  1:02  Probe (Chrono Boost)  
  18  1:20  Nexus  
  18  1:30  Cybernetics Core  
  18  1:34  Zealot  
  20  1:41  Assimilator  
  20  1:44  Probe  
  21  1:51  Pylon  
  21  1:56  Probe  
  21  2:00  Assimilator  
  22  2:12  Gateway  
  22  2:15  Probe  
  23  2:24  Warp Gate  
  23  2:35  Forge  
  23  2:42  Probe  
  24  2:49  Probe  
  25  3:00  Stalker  
  25  3:05  Sentry  
  29  3:07  Probe (Chrono Boost)  
  29  3:12  Probe (Chrono Boost)  
  31  3:21  Photon Cannon  
  31  3:24  Probe (Chrono Boost)  
  31  3:26  Probe  
  33  3:29  Protoss Ground Weapons Level 1 (Chrono Boost)  
  33  3:34  Gateway  
  33  3:47  Gateway  
  33  3:49  Probe (Chrono Boost)  
  33  3:51  Probe (Chrono Boost)  
  33  3:52  Stalker  
  33  3:54  Stalker  
  39  4:01  Probe (Chrono Boost)  
  41  4:07  Probe (Chrono Boost)  
  41  4:10  Probe (Chrono Boost), Pylon  
  42  4:18  Probe, Pylon  
  43  4:34  Probe  
  44  4:44  Stalker x3  
  50  4:46  Stalker  
  50  4:51  Pylon  
  52  5:00  Twilight Council  
  52  5:25  Stalker  
  52  5:27  Stalker x3  
  58  5:29  Probe x2  
  60  5:44  Probe x2  
  60  5:45  Nexus  
  60  5:47  Charge (Chrono Boost)  
  60  5:48  Assimilator  
  60  5:49  Pylon  
  62  5:52  Pylon  
  62  5:56  Stalker x2  
  62  5:57  Stalker  
  68  5:59  Zealot  
  68  6:50  Stalker  
  68  6:51  Stalker x2  
  68  6:53  Stalker  
  76  7:01  Probe, Gateway x2  
  76  7:02  Probe x2, Gateway  
  79  7:13  Probe  
  79  7:14  Probe x2  
  80  7:23  Stalker x2  
  80  7:24  Stalker x2  
  84  7:50  Stalker x4  
Show
View Real Time Build Order
Export as new Build Order

A.I. 1 (Medium) Zerg - Winner!

Build Orders: Pool Only 

Get SALT Encoding   

  12  0:00  Drone  
  13  0:12  Overlord  
  13  0:16  Drone  
  14  0:30  Drone  
  14  0:33  Drone  
  16  0:42  Spawning Pool  
  16  0:45  Drone  
  16  0:49  Drone  
  17  0:52  Extractor  
  17  0:55  Drone  
  17  1:06  Overlord  
  17  1:31  Zergling x2, Queen  
  20  1:38  Roach Warren, Drone  
  20  1:39  Extractor  
  19  1:40  Zergling x2  
  20  1:49  Drone  
  21  2:00  Drone  
  22  2:10  Overlord  
  22  2:21  Roach  
  24  2:30  Baneling Nest  
  24  2:32  Drone  
  24  2:38  Roach, Drone  
  24  2:41  Drone  
  28  2:44  Drone  
  28  2:47  Ravager  
  30  2:54  Roach  
  32  3:03  Ravager  
  32  3:04  Overlord  
  33  3:10  Roach, Drone  
  36  3:13  Drone  
  36  3:17  Drone  
  38  3:21  Evolution Chamber  
  37  3:27  Drone  
  38  4:51  Lair, Drone  
  38  4:52  Overlord, Roach  
  41  4:53  Spore Crawler  
  41  4:54  Spore Crawler, Drone  
  41  4:57  Drone  
  41  5:00  Drone  
  42  5:10  Overlord, Roach  
  42  5:20  Spine Crawler  
  37  5:21  Roach, Drone  
  34  5:33  Zergling x2, Spine Crawler  
  34  5:35  Drone  
  35  5:44  Roach  
  35  5:49  Overseer x2, Queen  
  37  5:51  Drone, Hydralisk Den  
  37  5:54  Drone, Infestation Pit  
  37  5:56  Roach  
  41  6:03  Spire  
  40  6:05  Drone  
  41  6:13  Evolution Chamber  
  41  6:14  Drone  
  41  6:20  Hydralisk  
  43  6:27  Drone  
  43  6:32  Roach  
  33  6:43  Zergling x2  
  30  6:51  Zergling x2  
  30  6:53  Queen  
  28  6:58  Zergling x2  
  25  7:05  Zergling x2  
  25  7:07  Drone  
  21  7:10  Drone  
  21  7:12  Zergling x2  
  16  7:19  Drone  
  16  7:21  Zergling x2  
  16  7:22  Drone  
  13  7:25  Drone  
  8  7:31  Zergling x2  
  6  7:43  Roach  
  7  7:52  Drone  
Tags
 
Add a new tag
Caveats
  • Supply blocks, unpowered buildings, or Contaminate may cause inaccurate times.
  • Supply counts are checked every 10 seconds.